 Dungeon Crawl Stone Soup version 0.28.0-53-g5a82cb258f (webtiles) character file.

Game seed: 13967436977089733476

232 Sin92 the Skirmisher (level 5, 0/42 HPs)
             Began as a Demonspawn Fighter on June 21, 2022.
             Slain by Dowan
             ... wielding a +0 dagger
              (4 damage)
             ... on level 4 of the Dungeon.
             The game lasted 00:04:48 (3478 turns).

Sin92 the Skirmisher (Demonspawn Fighter)           Turns: 3478, Time: 00:04:48

Health: 0/42       AC:  6    Str: 22    XL:     5   Next: 73%
Magic:  5/5        EV: 10    Int:  9    God:
Gold:   156        SH: 10    Dex: 21    Spells: 4/4 levels left

rFire   . . .      SeeInvis .   a - +0 long sword
rCold   . . .      Faith    .   c - +0 buckler
rNeg    . . .      Spirit   .   b - +0 scale mail
rPois   .          Reflect  .   (no helmet)
rElec   .          Harm     .   (no cloak)
rCorr   .          Rampage  .   (no gloves)
Will    .....                   (no boots)
Stlth   ..........              (no amulet)
HPRegen 0.14/turn               h - +6 ring of dexterity
MPRegen 0.09/turn               k - +6 ring of strength

@: mighty, lethally poisoned (0 -> -25)
A: powered by death 1, condensation shield, demonic touch 2
a: no special abilities


You were on level 4 of the Dungeon.
You visited 1 branch of the dungeon, and saw 4 of its levels.

You collected 156 gold pieces.

Inventory:

Hand Weapons
 a - a +0 long sword (weapon)
Armour
 b - a +0 scale mail (worn)
 c - a +0 buckler (worn)
 r - a +0 chain mail
Jewellery
 e - a ring of willpower
 h - a +6 ring of dexterity (left hand)
 k - a +6 ring of strength (right hand)
Scrolls
 f - a scroll of noise
 g - a scroll of enchant armour {unknown}
 i - a scroll of fog
 j - a scroll of teleportation
 o - 2 scrolls of identify
Potions
 l - a potion of attraction {unknown}
 m - a potion of heal wounds {unknown}
 n - a potion of cancellation {unknown}
 p - a potion of haste {unknown}
 q - a potion of curing {unknown}


   Skills:
 + Level 3.9 Fighting
 + Level 2.9 Long Blades
 + Level 3.5 Armour
 + Level 2.1 Dodging
 + Level 3.5 Shields


You had 4 spell levels left.
You didn't know any spells.
Your spell library contained the following spells:

 Spells                   Type           Power      Damage    Failure   Level
 Poisonous Vapours        Pois/Air       0%         N/A       91%         2
 Gell's Gravitas          Tloc           0%         N/A       99%         3
 Lesser Beckoning         Tloc           0%         N/A       99%         3
 Teleport Other           Tloc           0%         N/A       99%         3
 Spellforged Servitor     Conj/Summ      0%         N/A       100%        7
 Storm Form               Tmut/Air       0%         N/A       100%        7


Dungeon Overview and Level Annotations

Branches:
Dungeon (4/15)
 Temple: D:4-7

Altars:
Trog

Portals:
Abyss: D:4

Annotations:
D:3 3 runed translucent doors, Barsook's ghost, amateur DrBe
D:4 2 transporters, Dowan; Duvessa; Matrovsky's ghost, amateur TrFi


Innate Abilities, Weirdness & Mutations

You regenerate a little health from kills.
A meltable shield of frost defends you. (SH +4)
Your touch may inflict irresistible damage on your foes.


Message History

Duvessa, Sister of Dowan comes into view.
She is wielding a +4 short sword of venom.
You see here 11 gold pieces.
There are monsters nearby!
Duvessa shouts!
There are monsters nearby!
You block Dowan's attack.
There are monsters nearby!
You hit Dowan but do no damage. Dowan casts a spell at you.
The puff of frost misses you.
Unknown command.
You slash Dowan!
Dowan is heavily wounded.
Unknown command.
You hit Duvessa but do no damage. Duvessa hits you but does no damage.
You are poisoned.
Dowan hits you with a +0 dagger.
Unknown command.
You hit Dowan.
Dowan is heavily wounded.
You feel sick. Duvessa closely misses you. Dowan hits you but does no damage.
Unknown command.
You barely miss Dowan.
Dowan is heavily wounded.
You feel sick. Duvessa completely misses you. You block Dowan's attack.
You feel very mighty all of a sudden.
You feel sick.
Duvessa hits you with a +4 short sword of venom!
You are more poisoned.
Dowan hits you with a +0 dagger.
You slash Duvessa!
Duvessa is moderately wounded.
You feel very sick. You block Duvessa's attack.
Dowan hits you with a +0 dagger.
* * * LOW HITPOINT WARNING * * *
Duvessa hits you with a +4 short sword of venom!
* * * LOW HITPOINT WARNING * * *
You are more poisoned.
Dowan hits you with a +0 dagger.
You die...

..# #.# #.#
#.############ #
#.#..........#
#.#######.#.########.#
#.....................
#......$#.#.#.####.#.#
#>..e@..+.............
#...e...#.#.#......#..
#.......#.#.#...<#)#..
.........##.#.#.######..
#.######.##.#.#.........
. #.##.#.........#.
#.##.#########.#. #.#...
.. #. #. #.


You could see Duvessa and Dowan.

Vanquished Creatures
  A hound (D:4)
  An iguana (D:4)
  An orc wizard (D:4)
  Natasha (D:4)
  4 adders
  An ufetubus (D:4)
  An adder skeleton (D:2)
  2 orcs (D:4)
  4 bats
  5 endoplasms
  A giant cockroach (D:1)
  13 goblins
  5 hobgoblins
  12 jackals
  3 quokkas
  6 ball pythons
  5 frilled lizards
  4 kobolds
  7 rats
77 creatures vanquished.

Vanquished Creatures (others)
  A fungus (D:3)
  3 plants (D:3)
4 creatures vanquished.

Grand Total: 81 creatures vanquished

Notes
Turn   | Place    | Note
-------+----------+-------------------------------------------
     0 | D:1      | Sin92 the Demonspawn Fighter began the quest for the Orb.
     0 | D:1      | Reached XP level 1. HP: 18/18 MP: 1/1
   128 | D:1      | Gained mutation: Your touch may inflict minor irresistible
                  | damage on your foes. [demonic ancestry]
   128 | D:1      | Reached XP level 2. HP: 24/24 MP: 2/2
   529 | D:1      | Gained mutation: You regenerate a little health from kills.
                  | [demonic ancestry]
   529 | D:1      | Reached XP level 3. HP: 29/29 MP: 3/3
   775 | D:2      | Reached skill level 1 in Dodging
   840 | D:2      | Found a faded altar of an unknown god.
  1151 | D:2      | Gained mutation: A meltable shield of frost defends you.
                  | (SH +4) [demonic ancestry]
  1151 | D:2      | Reached XP level 4. HP: 35/35 MP: 4/4
  1637 | D:3      | Found a bloodstained altar of Trog.
  1722 | D:3      | Found a runed translucent gate.
  1722 | D:3      | Found a runed translucent gate.
  1722 | D:3      | Found a runed translucent gate.
  1724 | D:3      | Noticed a kobold brigand
  1863 | D:3      | Noticed Barsook's ghost (amateur DrBe)
  2775 | D:4      | Gained mutation: Your touch may inflict irresistible damage
                  | on your foes. [demonic ancestry]
  2775 | D:4      | Reached XP level 5. HP: 35/42 MP: 5/5
  2971 | D:4      | Found a transporter.
  2993 | D:4      | Got the Incunabulum of Supportive Flight
  2993 | D:4      | Noticed Matrovsky's ghost (amateur TrFi)
  2997 | D:4      | Found a transporter.
  3023 | D:4      | Found a one-way gate to the infinite horrors of the Abyss.
  3275 | D:4      | Noticed Natasha
  3285 | D:4      | Killed Natasha
  3468 | D:4      | Noticed Dowan
  3469 | D:4      | Noticed Duvessa
  3478 | D:4      | Slain by Dowan

Illustrated notes

Levels and vault maps discovered:
D:1:      lemuel_arrival_behind_the_door_small, layout_basic
D:2:      layout_loops_ring, ebering_ecumenical_altar_box
D:3:      layout_loops_corners, mainiacjoe_overflow_small_starburst,
          gammafunk_ghost_nasty_kobolds, minmay_goblin_outpost
D:4:      layout_basic, gammafunk_ghost_abyssal_escape, uniq_natasha,
          uniq_duvessa

Skill      XL: |  1  2  3  4  5 |
---------------+----------------+-----
Long Blades    | 2 |  2.9
Armour         | 3 |  3.5
Dodging        | 1 2 |  2.1
Shields        | 3 |  3.5
Fighting       | |  3.9

Action                   |  1- 3 |  4- 6 || total
-------------------------+-------+-------++-------
Melee: Long sword        |   123 |   117 ||   240
  Use: Scroll            |     1 |     4 ||     5
       Potion            |       |     2 ||     2
Armor: Scale mail        |    88 |    54 ||   142
Dodge: Dodged            |    90 |    61 ||   151
Block: Buckler           |    43 |    79 ||   122
